Map: Invader LE

Players

MaSa - Winner!

  • Race: Terran Terran

Cham

  • Race: Zerg Zerg

Event: DreamHack Open Tours WCS Spring Championship

VOD

Have the link to the VOD?

Description

Time

  • Played on: May 15, 2016, 4:02 p.m.
  • Length: 7:16

All games in this series

Show
View Real Time Build Order
Export as new Build Order

MaSa Terran - Winner!

Build Orders: Reaper Expand 

Get SALT Encoding   

  12  0:00  SCV  
  13  0:13  SCV  
  14  0:17  Supply Depot  
  14  0:25  SCV  
  15  0:39  SCV  
  15  0:40  Barracks  
  16  0:43  Refinery  
  16  0:51  SCV  
  17  1:03  SCV  
  18  1:15  SCV  
  19  1:28  Orbital Command, Reaper  
  20  1:39  Command Center  
  20  1:45  Refinery  
  20  1:55  SCV  
  20  1:56  Supply Depot  
  20  2:00  Marine  
  22  2:08  SCV  
  23  2:12  Factory  
  23  2:19  Barracks Reactor  
  23  2:20  SCV  
  24  2:32  SCV  
  25  2:44  SCV, Bunker  
  26  2:52  Orbital Command  
  26  2:56  SCV  
  27  2:58  Starport  
  27  3:01  Starport  
  27  3:08  SCV  
  28  3:14  Hellion  
  28  3:17  Hellion  
  32  3:20  SCV  
  32  3:22  SCV  
  33  3:28  Supply Depot  
  33  3:30  Barracks Tech Lab  
  33  3:34  SCV  
  34  3:38  Starport Tech Lab x2  
  34  3:40  SCV  
  35  3:46  Hellion  
  35  3:47  Hellion  
  39  3:49  SCV, Marine  
  41  3:55  Banshee  
  41  4:01  Banshee  
  41  4:02  SCV  
  48  4:04  SCV  
  48  4:08  Cloaking Field  
  49  4:14  Supply Depot, SCV  
  49  4:16  SCV  
  51  4:22  Marine  
  52  4:26  SCV  
  52  4:28  SCV  
  54  4:35  Command Center  
  54  4:38  SCV, Banshee  
  54  4:43  Banshee  
  54  4:45  SCV  
  62  4:52  Supply Depot  
  62  4:57  Barracks  
  62  4:59  Factory Reactor  
  62  5:07  Barracks  
  62  5:11  Stimpack  
  62  5:13  Refinery, SCV x2, Marine  
  65  5:14  Supply Depot x2  
  65  5:25  SCV x2  
  67  5:30  Banshee  
  70  5:35  Marine  
  70  5:37  SCV  
  70  5:38  SCV  
  73  5:43  Banshee  
  73  5:44  Refinery  
  73  5:45  Marine x2  
  73  5:48  Factory Tech Lab  
  73  5:49  Orbital Command  
  79  5:50  SCV  
  79  5:53  Marine, Engineering Bay  
  79  5:56  SCV  
  79  5:57  Engineering Bay  
  81  6:02  SCV  
  81  6:03  Marine x2  
  84  6:08  SCV  
  85  6:14  SCV  
  85  6:15  SCV, Banshee  
  82  6:19  Marine x2  
  82  6:20  SCV  
  82  6:25  Siege Tank, Banshee  
  88  6:29  Marine x2  
  88  6:30  SCV  
  88  6:31  Marine  
  95  6:36  Bunker  
  95  6:37  Marine  
  95  6:38  Marine  
  97  6:40  SCV  
  98  6:47  Marine x2  
  98  6:49  Marine  
  101  6:57  Supply Depot, SCV, Marine  
  101  6:58  Supply Depot  
Show
View Real Time Build Order
Export as new Build Order

Cham Zerg 

Build Orders: Hatch First 

Get SALT Encoding   

  12  0:00  Drone  
  13  0:08  Drone  
  14  0:17  Overlord  
  14  0:36  Drone x2  
  14  0:37  Drone  
  17  0:52  Hatchery  
  17  0:54  Drone  
  17  0:59  Drone  
  18  1:06  Extractor  
  17  1:13  Spawning Pool  
  17  1:16  Drone  
  17  1:21  Drone  
  18  1:31  Drone  
  19  1:42  Drone  
  20  1:54  Overlord  
  20  2:01  Queen  
  20  2:05  Queen  
  20  2:06  Zergling x4  
  26  2:09  Metabolic Boost  
  26  2:14  Zergling x2  
  27  2:17  Drone  
  28  2:25  Overlord x2  
  28  2:35  Drone  
  28  2:36  Queen  
  29  2:41  Drone  
  29  2:43  Queen  
  34  2:46  Drone  
  34  2:49  Drone  
  36  2:56  Overlord  
  36  2:57  Drone  
  37  3:09  Drone x5  
  42  3:17  Drone x3  
  45  3:23  Drone  
  45  3:24  Extractor  
  45  3:32  Drone  
  46  3:35  Drone  
  46  3:36  Hatchery  
  46  3:38  Drone  
  47  3:43  Overlord  
  47  3:46  Drone  
  48  3:54  Baneling Nest, Drone  
  48  3:55  Overlord, Drone  
  49  3:58  Zergling x6  
  49  4:01  Zergling x4  
  54  4:07  Spore Crawler, Drone  
  54  4:13  Drone  
  55  4:18  Overlord  
  55  4:19  Zergling x2  
  55  4:20  Zergling x2  
  55  4:23  Drone  
  55  4:24  Drone  
  59  4:25  Drone  
  59  4:26  Drone  
  59  4:30  Drone  
  62  4:36  Overlord  
  62  4:38  Baneling x4  
  61  4:43  Drone  
  62  4:47  Drone  
  62  4:51  Drone x2  
  62  4:52  Lair  
  65  4:56  Zergling x6  
  65  4:58  Drone x2  
  71  5:00  Drone  
  71  5:03  Evolution Chamber  
  71  5:04  Evolution Chamber  
  71  5:05  Drone  
  71  5:06  Drone  
  71  5:13  Drone x2  
  73  5:14  Extractor  
  73  5:17  Queen  
  73  5:18  Overlord  
  73  5:19  Drone  
  75  5:22  Overlord  
  75  5:28  Drone  
  76  5:29  Extractor  
  76  5:33  Drone x2  
  76  5:34  Drone x3  
  80  5:41  Hatchery  
  79  5:50  Zergling x2  
  79  5:51  Zergling x8  
  79  5:54  Drone  
  85  5:57  Infestation Pit  
  85  5:58  Overlord  
  85  5:59  Zergling x2  
  85  6:03  Drone  
  85  6:04  Overlord  
  86  6:07  Overseer x2  
  86  6:09  Zergling x6  
  83  6:11  Zergling x2  
  83  6:12  Zergling x2  
  83  6:18  Zergling x6  
  76  6:25  Zergling x4  
  76  6:26  Zergling x2  
  76  6:31  Queen  
  76  6:32  Queen  
  76  6:34  Zergling x8  
  76  6:39  Baneling x4  
  76  6:40  Baneling x3  
  76  6:41  Zergling x6  
  76  6:44  Zergling x2  
  71  6:48  Zergling x4  
  71  6:49  Zergling x2  
  71  6:51  Zergling x4  
  71  6:53  Spore Crawler  
  71  6:56  Baneling x4  

Tags
 
Add a new tag
Caveats
  • Supply blocks, unpowered buildings, or Contaminate may cause inaccurate times.
  • Supply counts are checked every 10 seconds.